 Dungeon Crawl Stone Soup version 0.28.0-53-g5a82cb258f (webtiles) character file.

Game seed: 6858288547593752876

4753 Peloso the Carver (level 10, 0/85 (88) HPs)
             Began as a Minotaur Fighter on July 16, 2022.
             Was an Initiate of Okawaru.
             Slain by a chaos spawn (2 damage)
             ... summoned by an orc high priest
             ... in a bailey.
             The game lasted 00:19:56 (10148 turns).

Peloso the Carver (Minotaur Fighter)               Turns: 10148, Time: 00:19:56

HP:   0/85 (88)     AC: 11    Str: 22    XL:     10   Next: 23%
MP:   9/9           EV:  9    Int:  5    God:    Okawaru [......]
Gold: 416           SH:  6    Dex: 15    Spells: 9/9 levels left

rFire   + . .      SeeInvis .   a - +1 long sword
rCold   + . .      Faith    .   c - +0 buckler
rNeg    . . .      Spirit   .   j - +18 Lear's hauberk
rPois   .          Reflect  .   (helmet currently unavailable)
rElec   .          Harm     .   e - +0 cloak
rCorr   .          Rampage  .   (gloves currently unavailable)
Will    .....                   (boots currently unavailable)
Stlth   ..........              (no amulet)
HPRegen 0.24/turn               I - ring of Laogruep {rF+ rC+ AC+4 Dex+2}
MPRegen 0.11/turn               t - ring of flight

@: mighty, corroded, flying, slowed, lightly drained, very slow
A: horns 2, retaliatory headbutt
a: Renounce Religion


You were in a bailey.
You worshipped Okawaru.
Okawaru was noncommittal.
You visited 2 branches of the dungeon, and saw 9 of its levels.
You also visited: Ossuary and Bailey.

You collected 416 gold pieces.

Inventory:

Hand Weapons
 a - a +1 long sword (weapon)
Armour
 b - a +0 scale mail
 c - a +0 buckler (worn)
 e - a +0 cloak (worn)
 f - a +0 chain mail
 j - the +18 Lear's hauberk (worn)
   (You found it on level 2 of the Dungeon)
Jewellery
 i - an amulet of guardian spirit
 q - a +4 ring of evasion
 t - a ring of flight (right hand)
 u - a ring of ice
 v - a ring of protection from cold
 B - a ring of see invisible
 I - the ring of Laogruep (left hand) {rF+ rC+ AC+4 Dex+2}
   (You acquired it in a bailey)

   [ring of protection]

   AC:        It affects your AC (+4).
   Dex:       It affects your dexterity (+2).
   rF:        It protects you from fire.
   rC:        It protects you from cold.
Wands
 p - a wand of digging (7)
 w - a wand of acid (11)
Scrolls
 h - a scroll of summoning {unknown}
 l - 3 scrolls of noise
 s - 3 scrolls of identify
 x - a scroll of teleportation
 y - 2 scrolls of immolation
 A - a scroll of blinking
 D - a scroll of magic mapping
 F - a scroll of holy word {unknown}
 G - a scroll of silence {unknown}
 J - 2 scrolls of enchant weapon
Potions
 d - a potion of might
 g - a potion of brilliance
 k - 2 potions of mutation
 m - 3 potions of curing
 n - 4 potions of flight
 o - a potion of haste
 r - 3 potions of cancellation
 z - a potion of ambrosia
 C - a potion of heal wounds {unknown}
 E - a potion of lignification {unknown}
 H - a potion of degeneration {unknown}


   Skills:
 + Level 8.2 Fighting
 + Level 12.0 Long Blades
 + Level 9.9 Armour
 + Level 2.6 Dodging
 + Level 0.9 Stealth
 + Level 6.9 Shields
 + Level 0.3 Evocations


You had 9 spell levels left.
You didn't know any spells.
Your spell library contained the following spells:

 Spells                   Type           Power      Damage    Failure   Level
 Beastly Appendage        Tmut           0%         N/A       99%         1
 Magic Dart               Conj           0%         1d3       99%         1
 Ensorcelled Hibernation  Hex/Ice        0%         N/A       99%         2
 Sublimation of Blood     Necr           0%         N/A       99%         2
 Wereblood                Tmut           0%         N/A       99%         2
 Mephitic Cloud           Conj/Pois/Air  0%         N/A       100%        3
 Spider Form              Tmut/Pois      0%         N/A       100%        3
 Anguish                  Hex/Necr       0%         N/A       100%        4
 Call Imp                 Summ           Unusable   N/A       N/A         2
 Summon Hydra             Summ           Unusable   N/A       N/A         7

Dungeon Overview and Level Annotations

Branches:
Dungeon (8/15)             Temple (1/1) D:4         Ossuary (visited)
 Bailey (1/1)
   Lair: D:8-11

Altars:
Ashenzari
Cheibriados
Dithmenos
Elyvilon
Fedhas
Gozag
Hepliaklqana
Kikubaaqudgha
Makhleb
Nemelex Xobeh
Ru
Trog
Uskayaw
Vehumet
Wu Jian
Zin
The Shining One
Lugonu

Shops:
D:2 [   D:5 *

Portals:
Abyss: D:4

Annotations:
D:4 2 runed translucent doors


Innate Abilities, Weirdness & Mutations

You have a pair of horns on your head.
You reflexively headbutt those who attack you in melee.


Message History

The rust devil hits you. The rust devil corrodes you!
The orc high priest hits you but does no damage.
The chaos spawn barely misses you. You block the rust devil's attack.
You closely miss the orc high priest.
You headbutt the orc high priest, but do no damage.
The orc high priest is heavily wounded.
The orc high priest prays to Beogh.
You block the chaos spawn's attack. The rust devil hits you.
The rust devil corrodes you!
The orc high priest hits you with a +0 war axe.
You feel very mighty all of a sudden.
The rust devil disappears in a puff of smoke!
You block the chaos spawn's attack.
The orc high priest hits you with a +0 war axe!
The chaos spawn barely misses you.
Unknown command.
You hit the orc high priest but do no damage.
The orc high priest is heavily wounded.
The orc high priest hits you with a +0 war axe.
The orange demon stings you from afar. The soul eater hits you.
The chaos spawn hits you but does no damage.
You hit the orc high priest. The orc high priest blocks your attack.
The orc high priest is heavily wounded.
The orc high priest hits you but does no damage.
The orange demon stings you from afar. You block the soul eater's attack.
The chaos spawn closely misses you.
The orc high priest hits you but does no damage.
The soul eater hits you!
* * * LOW HITPOINT WARNING * * *
The orange demon stings you but does no damage.
You slash the orc high priest!
The orc high priest is severely wounded.
The chaos spawn completely misses you. You furiously retaliate!
You headbutt the chaos spawn. You block the orc high priest's attack.
The orange demon closely misses you. The soul eater hits you!!
* * * LOW HITPOINT WARNING * * *
You feel drained.
* * * LOW HITPOINT WARNING * * *
The chaos spawn hits you.
You die...

#≈≈≈≈≈#....#.....).#....
#≈≈≈≈≈#....#.8.8.8.'....
#≈≈≈≈≈######...#########
#≈≈≈≈≈≈.#......#....'))#
######.≈≈≈≈≈.#......#....#))#
#......≈≈≈≈≈.#''#####....#..'
###......≈≈≈≈≈.#.)...##....####
#...........§.3o.)...##..).#..8
#∩..∩.........@44.⌠..##.._.)...
#..............).....##....#..8
###......≈≈≈≈≈.#.....##....####
#......≈≈≈≈≈.#''#####....#..'
######.≈≈≈≈≈.#......#....#[[#
#≈≈≈≈≈≈.#...)..#....'.[#
#≈≈≈≈≈######)..#########
#≈≈≈≈≈#....#.8.8.8.)))..
#≈≈≈≈≈#....#.......#)...


You could see a soul eater (summoned), an orc high priest, an orange demon
(summoned) and a chaos spawn (summoned).

Vanquished Creatures
  An orc knight (Bailey)
  Joseph (D:7)
  A kobold demonologist (Bailey)
  A steam dragon (D:6)
  Menkaure (D:7)
  Duvessa (D:5)
  A water moccasin (D:7)
  An ice beast (D:5)
  A sky beast (D:5)
  2 black bears (D:4)
  A hornet zombie (D:6)
  7 orc warriors (Bailey)
  2 necrophages
  An ogre (D:5)
  A centaur (D:7)
  4 phantoms
  A water moccasin zombie (D:6)
  Dowan (D:5)
  5 killer bees (D:8)
  5 electric eels (Bailey)
  A howler monkey (D:3)
  A bullfrog zombie (D:5)
  8 orc priests
  A bullfrog skeleton (D:6)
  A centaur skeleton (D:7)
  2 hounds
  Ijyb (D:4)
  Terence (D:3)
  2 iguanas (D:7)
  4 orc wizards
  3 hound skeletons
  11 mummies (Ossuary)
  Robin (D:3)
  12 adders
  A gnoll (Bailey)
  2 ufetubi (D:5)
  An adder skeleton (D:4)
  2 worms (D:2)
  2 dart slugs
  22 orcs
  9 ball pythons
  An endoplasm (D:2)
  3 giant cockroaches
  18 goblins
  21 hobgoblins
  6 kobolds
  5 quokkas
  7 bats
  4 frilled lizards
  2 gnoll skeletons (Ossuary)
  2 goblin skeletons (Ossuary)
  2 kobold skeletons (Ossuary)
  2 orc skeletons (Ossuary)
  10 rats
  11 rat skeletons (Ossuary)
221 creatures vanquished.

Notes
Turn   | Place    | Note
-------+----------+-------------------------------------------
     0 | D:1      | Peloso the Minotaur Fighter began the quest for the Orb.
     0 | D:1      | Reached XP level 1. HP: 19/19 MP: 0/0
   246 | D:1      | Reached XP level 2. HP: 27/27 MP: 1/1
   319 | D:1      | Found a faded altar of an unknown god.
   954 | D:2      | Reached XP level 3. HP: 33/33 MP: 2/2
  1310 | D:2      | Reached skill level 3 in Long Blades
  1422 | D:2      | Found Pariohic's Antique Armour Shop.
  1519 | D:2      | Found the +18 Lear's hauberk
  1803 | D:3      | Reached XP level 4. HP: 10/40 MP: 3/3
  1892 | D:3      | Noticed Robin
  1898 | D:3      | Killed Robin
  1905 | D:3      | Reached skill level 4 in Long Blades
  2260 | D:3      | Reached XP level 5. HP: 46/46 MP: 4/4
  2410 | D:3      | Noticed Terence
  2422 | D:3      | Killed Terence
  2684 | D:4      | Noticed a black bear
  2689 | D:4      | Killed a black bear
  2690 | D:4      | Reached skill level 5 in Long Blades
  2690 | D:4      | Reached skill level 5 in Armour
  2690 | D:4      | Reached XP level 6. HP: 44/53 MP: 5/5
  2789 | D:4      | Found a staircase to the Ecumenical Temple.
  2805 | Temple   | Entered the Ecumenical Temple
  3148 | D:4      | Noticed Ijyb
  3160 | D:4      | Killed Ijyb
  3293 | D:4      | Found a large runed translucent door.
  3293 | D:4      | Found a large runed translucent door.
  3295 | D:4      | Found a corrupted altar of Lugonu.
  3308 | D:4      | Found a burning altar of Makhleb.
  3357 | D:4      | Reached skill level 6 in Long Blades
  3357 | D:4      | Reached skill level 1 in Dodging
  3647 | D:4      | Found an ancient bone altar of Kikubaaqudgha.
  3652 | D:4      | Found a white marble altar of Elyvilon.
  3657 | D:4      | Found a shadowy altar of Dithmenos.
  3667 | D:4      | Found a blossoming altar of Fedhas.
  3667 | D:4      | Found a sacrificial altar of Ru.
  3855 | D:4      | Found a one-way gate to the infinite horrors of the Abyss.
  4052 | D:5      | Entered Level 5 of the Dungeon
  4070 | D:5      | Reached skill level 5 in Fighting
  4070 | D:5      | Reached XP level 7. HP: 44/61 MP: 6/6
  4199 | D:5      | Reached skill level 7 in Long Blades
  4465 | D:5      | Reached XP level 8. HP: 69/69 MP: 7/7
  4498 | D:5      | Reached skill level 8 in Long Blades
  4797 | D:5      | Found Ufysch's Fire Supplies.
  4823 | D:5      | Reached skill level 5 in Shields
  4916 | D:5      | Noticed Dowan
  4917 | D:5      | Noticed Duvessa
  4939 | D:5      | Killed Duvessa
  4949 | D:5      | Killed Dowan
  5008 | D:5      | Reached skill level 9 in Long Blades
  6170 | D:7      | Reached XP level 9. HP: 78/78 MP: 8/8
  6228 | D:7      | Noticed Menkaure
  6235 | D:7      | Killed Menkaure
  6236 | D:7      | Reached skill level 10 in Long Blades
  6729 | D:7      | Noticed Joseph
  6746 | D:7      | Killed Joseph
  7132 | D:7      | Found a snail-covered altar of Cheibriados.
  7532 | D:8      | Found a sand-covered staircase.
  7540 | Ossuary  | Entered an ossuary
  7679 | Ossuary  | Reached skill level 11 in Long Blades
  7842 | D:8      | Found a flagged portal.
  7851 | Bailey   | Entered a bailey
  8521 | Bailey   | Noticed an orc knight
  8536 | Bailey   | Killed an orc knight
  8537 | Bailey   | Reached XP level 10. HP: 40/88 MP: 9/9
  8825 | Bailey   | Acquired the ring of Laogruep {rF+ rC+ AC+4 Dex+2}
  9135 | Bailey   | Found an iron altar of Okawaru.
  9135 | Bailey   | Noticed an orc high priest
  9137 | Bailey   | Noticed a soul eater
  9147 | Bailey   | Noticed a rust devil
  9499 | Bailey   | Identified the +7 quarterstaff of Reapportionment {vorpal,
                  | *Rage rN+ Dex+4}
  9653 | Bailey   | Reached skill level 12 in Long Blades
  9666 | Bailey   | Became a worshipper of Warmaster Okawaru
  9765 | Bailey   | Noticed a sixfirhy
 10135 | Bailey   | Noticed a rust devil
 10145 | Bailey   | Noticed a soul eater
 10145 | Bailey   | Noticed an orange demon
 10148 | Bailey   | HP: 4/88 [soul eater[an orc high priest] (18)]
 10148 | Bailey   | Slain by a chaos spawn

Illustrated notes

Levels and vault maps discovered:
D:1:      minmay_arrival_three_doors, layout_rooms,
          chequers_ecumenical_altar_simple_redux, chequers_decorated_corner
D:2:      layout_loops_corners, serial_shops, nicolae_shop_statue_plus,
          minmay_pentomino_r2
D:3:      layout_basic, st_stairs_1, kennysheep_generic_room_10, uniq_terence,
          uniq_robin
D:4:      due_chaos_kobolds, layout_basic, minmay_overflow_temple_star_hex,
          overflow_temple_1_default, minmay_temple_entry_waves,
          uniq_crazy_yiuf_cottage, uniq_ijyb
D:5:      layout_loops_ring, grunt_ministairs_11, nicolae_shop_fire_sale
          [nicolae_sub_dead_trees], uniq_duvessa
D:6:      layout_rooms, nicolae_lava_and_water
D:7:      layout_cave_pods, mainiacjoe_overflow_brackets, kennysheep_potato,
          uniq_menkaure, uniq_joseph
D:8:      layout_layer_cave, nicolae_sif_muna_little_library,
          lemuel_zombie_altar_yredelemnul, chequers_ossuary_entry_cave,
          enter_bailey_6, kb_lookout_dungeons_type, minmay_statues_item,
          minmay_misc_feat_five
Temple:   dpeg_chambers_temple
Bailey:   bailey_axe_of_yendor_kennysheep, bailey

Skill      XL: |  1  2  3  4  5  6  7  8  9 10 |
---------------+-------------------------------+-----
Fighting       | 4 5 6 8 |  8.2
Armour         | 4 5 6 7 9 |  9.9
Shields        | 4 5 6 |  6.9
Long Blades    | 3 4 5 6 7 9 11 12 | 12.0
Dodging        | 1 2 |  2.6
Stealth        | |  0.9
Evocations     | |  0.3

Action                   |  1- 3 |  4- 6 |  7- 9 | 10-12 || total
-------------------------+-------+-------+-------+-------++-------
Melee: Long sword        |    88 |   119 |   382 |   113 ||   702
       Headbutt          |     9 |    15 |    75 |    19 ||   118
Evoke: Wand              |       |       |     3 |       ||     3
  Use: Potion            |     3 |       |     1 |     2 ||     6
       Scroll            |     2 |       |    11 |     3 ||    16
Armor: Chain mail        |    62 |   100 |   250 |    53 ||   465
       Scale mail        |     4 |       |       |       ||     4
Dodge: Dodged            |    49 |    48 |   132 |    35 ||   264
Block: Buckler           |    15 |    30 |    86 |    34 ||   165
